 Dungeon Crawl Stone Soup version 0.25-a0-561-g0977b4d109 (webtiles) character file.

Game seed: 5177209664042889425, levelgen mode: deterministic

168056 drasked the Unseen (level 17, -3/81 HPs)
             Began as a Spriggan Wizard on Feb 21, 2020.
             Was an Initiate of Gozag.
             Slain by a merfolk impaler
             ... wielding a +1 trident of freezing
              (23 damage)
             ... on level 4 of the Shoals on Feb 26, 2020.
             The game lasted 07:01:22 (69521 turns).

drasked the Unseen (Spriggan Wizard)               Turns: 69521, Time: 07:01:23

Health: -3/81      AC:  3    Str:  6    XL:     17   Next: 7%
Magic:  0/33       EV: 31    Int: 31    God:    Gozag
Gold:   5787       SH: 14    Dex: 20    Spells: 1/39 levels left

rFire    + + .     SeeInvis +   k - +6 quick blade of Recklessness {drain, rC+++ MR- Stlth+}
rCold    + + +     Gourm    .   a - +6 buckler of the Failed Coup {MR+ Int+4}
rNeg     + . .     Faith    .   Y - +2 robe {rF+} {rF+}
rPois    +         Spirit   +   x - -2 hat of the Alchemist {rElec rPois rF+ rC+ rN+ MR+ rMut rCorr}
rElec    +         Reflect  .   V - +0 cloak of the Townfolk {Int+2}
rCorr    +         Harm     .   (gloves unavailable)
rMut     +                      (boots unavailable)
MR       +++..                  G - amulet of guardian spirit {SpiritSpirit}
Stlth    ++++++++..             M - +4 ring of intelligence
HPRegen  0.23/turn              I - ring "Tuommeec" {rC+ EV+3 Dex+3}
MPRegen  0.23/turn

@: deflect missiles, very quick
A: very small, unfitting armour, see invisible, herbivore, speed 3, slow
metabolism 2
}: 1/15 runes: gossamer
a: Potion Petition, Call Merchant, Bribe Branch, Renounce Religion


You were on level 4 of the Shoals.
You worshipped Gozag.
Gozag was greatly pleased with you.
You were hungry.

You visited 6 branches of the dungeon, and saw 32 of its levels.

You collected 14653 gold pieces.
You spent 2623 gold pieces at shops.
You paid 6243 gold pieces to Gozag.

Inventory:

Hand Weapons
 k - the +6 quick blade of Recklessness (weapon) {drain, rC+++ MR- Stlth+}
   (You acquired it on level 3 of the Shoals)

   A truly terrible weapon, it drains the life of those it strikes.
   It renders you almost immune to cold.
   It affects your resistance to hostile enchantments.
   It makes you more stealthy.
Armour
 a - the +6 buckler of the Failed Coup (worn) {MR+ Int+4}
   (You bought it in a shop on level 6 of the Lair of Beasts)

   It affects your intelligence (+4).
   It affects your resistance to hostile enchantments.
 x - the -2 hat of the Alchemist (worn) {rElec rPois rF+ rC+ rN+ MR+ rMut rCorr}
   (You bought it in a shop on level 6 of the Lair of Beasts)

   It protects you from fire.
   It protects you from cold.
   It insulates you from electricity.
   It protects you from poison.
   It protects you from negative energy.
   It affects your resistance to hostile enchantments.
   It provides partial protection from all sources of acid and corrosion.
   It protects you from mutation.
   If you remove this armour, your AC will increase by 2 (3 -> 5).
 Q - a scarf of cloud immunity
   (You found it on level 12 of the Dungeon)
 V - the +0 cloak of the Townfolk (worn) {Int+2}
   (You found it on level 2 of the Lair of Beasts)

   It affects your intelligence (+2).
   If you remove this armour, your AC will decrease by 1 (3 -> 2).
 Y - a +2 robe of fire resistance (worn) {rF+}
   (You bought it in a shop on level 6 of the Lair of Beasts)
Jewellery
 b - a +3 ring of strength
   (You found it on level 9 of the Dungeon)
 G - an amulet of guardian spirit (around neck) {SpiritSpirit}
   (You found it on level 3 of the Dungeon)
 I - the ring "Tuommeec" (right hand) {rC+ EV+3 Dex+3}
   (You bought it in a shop on level 6 of the Lair of Beasts)

   [ring of evasion]

   It affects your evasion (+3).
   It affects your dexterity (+3).
   It protects you from cold.
 M - a +4 ring of intelligence (left hand)
   (You found it on level 10 of the Dungeon)
Wands
 r - a wand of iceblast (30)
   (You found it on level 4 of the Dungeon)
 s - a wand of clouds (6)
   (You found it on level 14 of the Dungeon)
 A - a wand of polymorph (30)
   (You took it off Grinder on level 3 of the Dungeon)
 D - a wand of digging (3)
   (You found it on level 7 of the Dungeon)
 J - a wand of paralysis (18)
   (You found it on level 9 of the Dungeon)
 N - a wand of disintegration (19)
   (You found it on level 1 of the Spider Nest)
 T - a wand of acid (15)
   (You found it on level 1 of the Lair of Beasts)
Scrolls
 c - 2 scrolls of brand weapon
 f - 2 scrolls of fog
 g - 11 scrolls of fear
 i - 7 scrolls of identify
 m - 6 scrolls of amnesia
 o - a scroll of immolation {!r!r}
 p - 3 scrolls of enchant weapon
 t - 7 scrolls of teleportation
 w - 8 scrolls of remove curse
 y - 11 scrolls of enchant armour
 F - 3 scrolls of holy word {!r!r}
 H - 3 scrolls of vulnerability {!r!r!r!r}
 K - 6 scrolls of magic mapping {!r!r}
 U - a scroll of summoning
Potions
 d - 3 potions of might
 h - 8 potions of haste
 j - 7 potions of brilliance
 l - 6 potions of heal wounds
 n - 2 potions of resistance
 q - 15 potions of curing
 v - 3 potions of stabbing
 z - 3 potions of magic
 B - 5 potions of ambrosia
 E - 5 potions of lignification {!q!q}
 L - 3 potions of flight
 S - 2 potions of cancellation
 W - 3 potions of invisibility
Miscellaneous
 O - a phial of floods
   (You found it on level 6 of the Lair of Beasts)
 R - a crystal ball of energy
   (You found it on level 12 of the Dungeon)
Comestibles
 e - 9 rations


   Skills:
 - Level 5.9 Fighting
 - Level 10.0 Short Blades
 - Level 11.2 Dodging
 - Level 16.4 Stealth
 - Level 7.2 Shields
 + Level 11.7 Spellcasting
 - Level 9.9 Conjurations
 - Level 8.5 Hexes
 - Level 11.0 Charms
 + Level 11.7 Summonings
 - Level 1.5 Translocations
 - Level 2.0 Ice Magic
 - Level 7.2 Air Magic
 - Level 2.0 Poison Magic


You had one spell level left.
You knew the following spells:

 Your Spells              Type           Power        Failure   Level  Hunger
a - Magic Dart            Conj           ####         1%          1    None
b - Blink                 Tloc           N/A          2%          2    None
c - Call Imp              Summ           ######..     1%          2    None
d - Deflect Missiles      Chrm/Air       ######....   10%         6    ####...
e - Summon Ice Beast      Ice/Summ       ######..     1%          4    None
f - Summon Mana Viper     Hex/Summ       ######..     1%          5    ##.....
g - Summon Hydra          Summ           ######....   19%         7    ######.
h - Summon Guardian Gole  Hex/Summ       ######..     1%          3    None
x - Mephitic Cloud        Conj/Pois/Air  ######..     1%          3    None
B - Summon Butterflies    Summ           ######..     1%          1    None
D - Summon Lightning Spi  Summ/Air       ######..     1%          4    None

Your spell library contained the following spells:

 Spells                   Type           Power        Failure   Level  Hunger
 Infusion                 Chrm           ####         1%          1    None
 Sting                    Tmut/Pois      ###.         1%          1    None
 Summon Small Mammal      Summ           ####         1%          1    None
 Animate Skeleton         Necr           N/A          2%          1    None
 Beastly Appendage        Tmut           ###...       2%          1    None
 Pain                     Necr           ###.         2%          1    None
 Poisonous Vapours        Pois/Air       #####.       1%          2    None
 Shroud of Golubria       Chrm/Tloc      ######       1%          2    None
 Slow                     Hex            ######..     1%          2    None
 Song of Slaying          Chrm           ######..     1%          2    None
 Call Canine Familiar     Summ           ######..     1%          3    None
 Conjure Flame            Conj/Fire      #####...     1%          3    None
 Ozocubu's Armour         Chrm/Ice       ######..     1%          3    None
 Spectral Weapon          Hex/Chrm       ######..     1%          3    None
 Silence                  Hex/Air        ######....   3%          5    ##.....
 Sticks to Snakes         Tmut           ###.....     4%          2    None
 Spider Form              Tmut/Pois      ###.......   5%          3    None
 Ignite Poison            Fire/Tmut/Pois ###.....     6%          3    None
 Vampiric Draining        Necr           ###.......   9%          3    None
 Metabolic Englaciation   Hex/Ice        ######....   9%          5    ##.....
 Olgreb's Toxic Radiance  Pois           ####....     12%         4    None
 Conjure Ball Lightning   Conj/Air       ######....   12%         6    ####...
 Ice Form                 Ice/Tmut       ###.....     19%         4    None
 Animate Dead             Necr           N/A          26%         4    None
 Freezing Cloud           Conj/Ice/Air   ######....   30%         6    ####...
 Agony                    Necr           ###.....     58%         5    ##.....
 Blade Hands              Tmut           ###.......   58%         5    ##.....
 Ozocubu's Refrigeration  Ice            ####......   88%         6    ####...
 Ring of Flames           Chrm/Fire      ######....   94%         7    ######.
 Simulacrum               Ice/Necr       ###.......   95%         6    ####...
 Chain Lightning          Conj/Air       ######....   99%         8    #######
 Lehudib's Crystal Spear  Conj/Erth      #####.....   100%        8    #######
 Fire Storm               Conj/Fire      #####.....   100%        9    #######
 Glaciate                 Conj/Ice       ######....   100%        9    #######
 Tornado                  Air            ######....   100%        9    #######


Dungeon Overview and Level Annotations

Branches:
Dungeon (15/15)            Temple (1/1) D:5            Lair (6/6) D:9
 Shoals (4/4) Lair:2       Spider (4/4) Lair:3        Slime (0/5) Lair:6
    Orc (2/2) D:12            Elf (0/3) Orc:2        Vaults (0/5) D:14
 Depths (0/5) D:15

Altars:
Ashenzari
Cheibriados
Dithmenos
Elyvilon
Fedhas
Gozag
Hepliaklqana
Kikubaaqudgha
Makhleb
Nemelex Xobeh
Okawaru
Qazlal
Ru
Sif Muna
Trog
Uskayaw
Vehumet
Wu Jian
Xom
Yredelemnul
Zin
The Shining One
Beogh

Shops:
D:4 *!   D:9 *   D:11 }   Orc:2 ?%*!   Lair:6 =*([[   Shoals:1 [

Annotations:
D:3 1 runed translucent door, mopl's ghost, weakling MiTm
Lair:4 Josephine
Spider:2 Arachne


Innate Abilities, Weirdness & Mutations

You are very small and have problems with some larger weapons.
You are too small for most types of armour.
You have supernaturally acute eyesight. (SInv)
You are a herbivore.
You cover ground extremely quickly.
You need to consume almost no food.


Message History

You hit the merfolk impaler. You block the merfolk impaler's attack.
You hit the merfolk impaler. You drain the merfolk impaler.
You barely miss the merfolk impaler. You hit the merfolk impaler.
You drain the merfolk impaler. The merfolk impaler closely misses you.
You hit the merfolk impaler but do no damage.
You drain the merfolk impaler. You miss the merfolk impaler.
The merfolk impaler barely misses you.
You hit the merfolk impaler but do no damage.
You closely miss the merfolk impaler. You block the merfolk impaler's attack.
You hit the merfolk impaler. You puncture the merfolk impaler!
You drain the merfolk impaler. You hit the merfolk impaler.
You drain the merfolk impaler.
You kill the merfolk impaler!
You now have 5775 gold pieces (gained 5).
Things that are here:
a +4 trident of freezing; a +0 robe You now have 5778 gold pieces (gained 3).
Things that are here:
a +2 vampiric spear {!w}; 6 javelins; a +0 leather armour
Things that are here:
a +0 rapier; a +1 robe of positive energy {rN+}; a +0 trident The merfolk shouts!
Things that are here:
a +2 trident of freezing a +1 leather armour of poison resistance {rPois} an arrow
There is a stone staircase leading up, spattered with blood here.
Things that are here:
an arrow; 18 javelins The merfolk barely misses you.
Things that are here:
a +2 trident of freezing a +1 leather armour of poison resistance {rPois} an arrow You hit the merfolk.
You block the merfolk's attack.
You hit the merfolk. You hit the merfolk. You drain the merfolk.
You closely miss the merfolk. You hit the merfolk. You drain the merfolk.
The merfolk completely misses you.
You hit the merfolk. You hit the merfolk. You hit the merfolk.
You drain the merfolk. You block the merfolk's attack.
You hit the merfolk. You drain the merfolk. You hit the merfolk.
You barely miss the merfolk. You hit the merfolk but do no damage.
The merfolk misses you.
You hit the merfolk. You closely miss the merfolk. You hit the merfolk.
You puncture the merfolk!
You kill the merfolk!
You now have 5787 gold pieces (gained 9).
You see here a +0 trident.
Okay, then.
Search for what [? for help]? ration You enter the shallow water.
Moving in this stuff is going to be slow.
You enter the shallow water.
Moving in this stuff is going to be slow.
You enter the shallow water.
Moving in this stuff is going to be slow.
The water nymph casts a spell at you. The water swirls and strikes you!!!
* * * LOW MAGIC WARNING * * *
The water nymph points at you and mumbles some strange words.
The water swirls and strikes you!!!
* * * LOW MAGIC WARNING * * *;
* * * LOW HITPOINT WARNING * * *
You feel much better.
Okay, then.
Okay, then.
The water nymph flows with the water.
Aim: a water nymph The ball explodes into a vile cloud!
The stinking cloud engulfs the water nymph but does no damage.
* * * LOW MAGIC WARNING * * *
You hear a shout!
The water nymph is engulfed in noxious fumes.
The water nymph appears confused.
A merfolk impaler comes into view.
It is wielding a +1 trident of freezing.
The merfolk impaler shouts!
You enter the shallow water.
Moving in this stuff is going to be slow.
The water nymph is engulfed in noxious fumes.
The water nymph appears confused.
You hit the water nymph.
Your unstable footing causes you to fumble your attack.
The merfolk impaler hits you from afar with a +1 trident of freezing!!
* * * LOW MAGIC WARNING * * *;
* * * LOW HITPOINT WARNING * * *
The merfolk impaler freezes you.
* * * LOW MAGIC WARNING * * *
The water nymph is engulfed in noxious fumes.
You block the merfolk impaler's attack.
The water nymph is engulfed in noxious fumes.
The merfolk impaler hits you from afar with a +1 trident of freezing.
* * * LOW MAGIC WARNING * * *;
* * * LOW HITPOINT WARNING * * *
The merfolk impaler hits you from afar with a +1 trident of freezing!!
* * * LOW MAGIC WARNING * * *
You die...
Your body crumbles into a pile of gold.

≈≈≈≈≈≈≈≈≈≈≈≈≈≈≈≈≈ #..........
≈≈≈≈≈≈≈≈≈≈≈≈≈≈≈≈≈.## ##....).....
≈≈≈≈≈≈≈≈≈≈≈≈≈≈≈≈...###.))..).....
≈≈≈≈≈≈≈≈≈≈≈≈≈≈≈≈... #..))........
≈≈≈m≈≈≈≈≈≈≈≈≈≈≈≈..# #<)(.(.......
≈≈######≈≈≈≈≈≈≈...# #)..#).......
#≈≈≈≈≈≈≈...###............
##≈..≈≈≈...##))...........
#...≈≈≈≈@....≈≈≈≈≈.......
##..≈≈≈≈≈≈..≈≈≈≈≈≈.......
#...○○m≈≈≈≈≈≈≈≈≈≈.....≈..
##..°≈≈≈≈≈≈≈≈≈≈≈≈.≈≈≈.≈..
##≈≈≈≈≈≈≈≈≈≈≈≈≈≈≈≈≈≈≈.≈≈.
##≈m≈≈≈≈≈≈≈≈≈≈≈≈≈≈≈≈≈≈
####≈≈≈≈≈≈≈≈≈≈≈≈≈≈≈≈≈≈≈≈≈
≈####≈≈#≈.≈≈≈≈≈≈≈≈≈≈≈≈≈≈≈≈≈≈≈
≈≈≈≈≈≈≈≈..≈≈≈≈≈≈≈≈≈≈≈≈≈≈≈


You could see a merfolk impaler and a water nymph (confused).

Levels and vault maps discovered:
D:1:      minmay_arrival_four_houses, layout_rooms
D:2:      layout_basic, minmay_splitting_lines, uniq_sigmund
D:3:      layout_loops_corners, gammafunk_temple_overflow_arena,
          ebering_ghost_reflecting_pool, kennysheep_generic_room_5, uniq_ijyb,
          uniq_grinder
D:4:      layout_cave_pools, grunt_temple_overflow_lords_of_destruction,
          nicolae_ru_sacrificial_ziggurat, first_ration, serial_shops,
          nicolae_shop_crystal, nicolae_shop_waterfront
D:5:      layout_rooms, gammafunk_temple_overflow_claw,
          minmay_temple_entry_proselytizer
D:6:      kennysheep_big_flooded_room, layout_loops_ring,
          grunt_temple_overflow_bloody_war, kennysheep_mini_moat,
          minmay_manual_mess
D:7:      layout_loops_cross, basic_altar, lemuel_blue_sif_altar
D:8:      layout_basic, lemuel_coloured_pillars_altar, grunt_qazlal_clouds
D:9:      layout_basic, kennysheep_mini, lair_entry_dummy
D:10:     layout_grid_maze, uniq_erica
D:11:     layout_irregular_city, serial_shops, nicolae_shop_crystal
D:12:     layout_loops_cross, kennysheep_orc_monster_closet_entryway
D:13:     layout_cave_pods, hangedman_ranch [blue_anna_fruit_fields],
          minmay_curled_crystal
D:14:     evilmike_diamond_2, layout_gridville, grunt_vaults_entry_fortified,
          david_defended_altar_orc, uniq_rupert
D:15:     gammafunk_depths_entry_grave, layout_basic, amethyst_killhole,
          minmay_gold_behind_fungi, minivault_12
Temple:   nicolae_temple_figure_zero
Lair:1:   layout_cave_pods
Lair:2:   minmay_lair_oklob_tunnel, layout_long_grid, minmay_shoals_entry_hut,
          minivault_27, forest_entry_grove, serial_bayou_shore_a,
          serial_bayou_shore_b
Lair:3:   layout_regular_city, spider_nest_entry_rubble
Lair:4:   layout_regular_city, minmay_holes, nicolae_lair_grove_arrangements,
          uniq_josephine
Lair:5:   layout_roguey, special_room [special_room_mythical_zoo],
          grunt_megastairs_5
Lair:6:   gammafunk_lair_ancient_temple, layout_cave_pods,
          nicolae_slime_entry_slimehenge
Shoals:1: layout_shoals, serial_shops, nicolae_shop_overgrown_old_shop,
          st_sunken_temple
Shoals:2: cheibrodos_shoals_roost, layout_shoals
Shoals:3: layout_shoals, uniq_polyphemus, uniq_bai_suzhen, uniq_roxanne
Shoals:4: shoals_end_grunt_ice, layout_shoals, shoals_ilsuiw_alternative
Spider:1: layout_spider_delve
Spider:2: layout_spider_delve, uniq_donald
Spider:3: layout_spider_delve, drop_trap, nicolae_spider_webs_and_nodes,
          uniq_louise, uniq_arachne
Spider:4: grunt_spider_rune_parallel
Orc:1:    layout_caves
Orc:2:    st_orc_rangers, layout_caves

Notes
Turn   | Place    | Note
-------+----------+-------------------------------------------
     0 | D:1      | drasked the Spriggan Wizard began the quest for the Orb.
     0 | D:1      | Reached XP level 1. HP: 9/9 MP: 6/6
     6 | D:1      | Identified a +1 dagger of speed
    44 | D:1      | Identified a +0 dagger
   151 | D:1      | Reached skill level 1 in Conjurations
   155 | D:1      | Reached XP level 2. HP: 8/13 MP: 1/8
   259 | D:1      | Learned a level 2 spell: Blink
   369 | D:1      | Identified a +0 whip
   439 | D:1      | Identified a +0 club
   446 | D:1      | Identified a +0 whip
   446 | D:1      | Identified a +0 ring mail
   482 | D:1      | HP: 3/13 [goblin/stone (1)]
   734 | D:1      | Identified a +0 club
   787 | D:1      | Identified a +0 club
   997 | D:1      | Identified a ring of teleportation (You found it on level 1
                  | of the Dungeon)
   998 | D:1      | Identified 3 scrolls of identify
   998 | D:1      | Identified a potion of curing
   999 | D:1      | Identified a scroll of remove curse
  1111 | D:2      | Reached skill level 4 in Stealth
  1111 | D:2      | Reached XP level 3. HP: 16/16 MP: 1/10
  1267 | D:2      | Identified a +0 club
  1634 | D:2      | Identified a +1 dagger of speed
  1659 | D:2      | Learned a level 3 spell: Mephitic Cloud
  1754 | D:2      | Identified a +0 club
  1868 | D:2      | Identified a +0 club
  1962 | D:2      | Reached XP level 4. HP: 21/21 MP: 5/11
  2023 | D:2      | Identified a +0 club
  2027 | D:2      | Identified a +0 scythe
  2027 | D:2      | Identified a +0 robe
  2027 | D:2      | Noticed Sigmund
  2275 | D:2      | Killed Sigmund
  2275 | D:2      | Reached skill level 2 in Short Blades
  2275 | D:2      | Reached skill level 5 in Stealth
  2275 | D:2      | Reached skill level 5 in Spellcasting
  2275 | D:2      | Reached skill level 2 in Conjurations
  2275 | D:2      | Reached XP level 5. HP: 24/24 MP: 7/14
  2924 | D:3      | Found a runed translucent door.
  2926 | D:3      | Noticed mopl's ghost (weakling MiTm)
  3069 | D:3      | Found a transporter.
  3069 | D:3      | Found a transporter.
  3073 | D:3      | Noticed a sky beast
  3076 | D:3      | Noticed a wyvern
  3077 | D:3      | Identified a +0 dagger
  3087 | D:3      | Identified a +0 club
  3090 | D:3      | Reached XP level 6. HP: 28/28 MP: 8/15
  3252 | D:3      | Found an opulent altar of Gozag.
  3261 | D:3      | Identified an amulet of guardian spirit (You found it on
                  | level 3 of the Dungeon)
  3461 | D:3      | Identified a +0 whip
  3619 | D:3      | Identified a +0 club
  3635 | D:3      | Noticed Grinder
  3671 | D:3      | Identified a +0 dagger
  3671 | D:3      | Identified a +3 chain mail of cold resistance
  3671 | D:3      | Noticed Ijyb
  3672 | D:3      | Identified a +0 dagger
  3681 | D:3      | Killed Ijyb
  3681 | D:3      | Reached skill level 6 in Stealth
  3683 | D:3      | Identified an amulet of rage (You found it on level 3 of
                  | the Dungeon)
  4225 | D:4      | Identified a +0 flail
  4225 | D:4      | Identified a +0 spear
  4225 | D:4      | Identified a +0 trident
  4225 | D:4      | Identified a +0 chain mail
  4263 | D:4      | Identified a +0 halberd
  4371 | D:4      | Found a sacrificial altar of Ru.
  4416 | D:4      | Found Cedyopri's Distillery.
  4477 | D:4      | Identified a +0 giant club
  4513 | D:4      | Reached skill level 3 in Short Blades
  4513 | D:4      | Reached skill level 6 in Spellcasting
  4516 | D:4      | Identified a +0 giant club
  4611 | D:4      | Bought a potion of heal wounds for 65 gold pieces
  4611 | D:4      | Bought a potion of degeneration for 13 gold pieces
  4869 | D:4      | Reached XP level 7. HP: 32/32 MP: 13/17
  4898 | D:4      | Identified a +0 ring mail
  4908 | D:4      | Reached skill level 7 in Stealth
  4973 | D:4      | Identified a +0 giant spiked club
  4997 | D:4      | Found a radiant altar of Vehumet.
  4997 | D:4      | Found a burning altar of Makhleb.
  5053 | D:3      | HP: 8/32 [poisoned by a worker ant]
  5059 | D:3      | HP: 7/32 [poisoned by a worker ant]
  5067 | D:3      | HP: 6/32 [poisoned by a worker ant]
  5373 | D:4      | Found Gikhlo Ituuss's General Store.
  5505 | D:4      | Reached skill level 4 in Short Blades
  5635 | D:4      | Reached skill level 8 in Stealth
  5635 | D:4      | Reached skill level 7 in Spellcasting
  5836 | D:5      | Entered Level 5 of the Dungeon
  5918 | D:5      | Identified a +0 spear
  5930 | D:5      | Identified a scarf of repulsion (You found it on level 4 of
                  | the Dungeon)
  5930 | D:5      | Identified a potion of brilliance
  5931 | D:5      | Identified a potion of haste
  6003 | D:5      | Found a shimmering altar of Xom.
  6003 | D:5      | Found a glowing silver altar of Zin.
  6004 | D:5      | Found an ancient bone altar of Kikubaaqudgha.
  6045 | D:5      | Identified a +0 leather armour
  6045 | D:5      | Identified a +0 whip
  6067 | D:5      | Identified a cursed -1 club
  6196 | D:5      | Reached skill level 1 in Poison Magic
  6246 | D:5      | Identified a +0 leather armour
  6247 | D:5      | Identified a +0 short sword
  6247 | D:5      | Identified a +0 ring mail
  6351 | D:5      | Identified a +0 giant spiked club
  6359 | D:5      | Found a staircase to the Ecumenical Temple.
  6359 | D:5      | Identified a +0 dagger
  6359 | D:5      | Identified a +0 robe
  6410 | D:5      | Identified a +0 giant club
  6586 | D:5      | Identified a +0 club
  6586 | D:5      | Identified a +0 chain mail
  6586 | D:5      | Identified an uncursed ring of poison resistance
  6610 | D:5      | Reached skill level 1 in Air Magic
  6982 | D:5      | Identified a +0 short sword
  6982 | D:5      | Identified a +0 chain mail
  6982 | D:5      | Identified a +0 hand axe
  6988 | D:5      | Identified a +0 hand axe
  6988 | D:5      | Identified a +0 leather armour
  6994 | D:5      | Identified a +0 giant club
  6997 | D:5      | Identified a +0 giant spiked club
  7005 | D:5      | Reached XP level 8. HP: 36/36 MP: 2/19
  7051 | D:5      | Reached skill level 2 in Poison Magic
  7195 | D:5      | Reached skill level 9 in Stealth
  7195 | D:5      | Reached skill level 2 in Air Magic
  7195 | D:5      | Identified a +0 flail
  7515 | D:5      | Reached skill level 4 in Dodging
  7523 | D:5      | Identified a potion of might
  7524 | D:5      | Identified a potion of magic
  7525 | D:5      | Identified a potion of resistance
  7526 | D:5      | Identified a potion of stabbing
  7723 | Temple   | Entered the Ecumenical Temple
  7923 | D:6      | Reached skill level 10 in Stealth
  7930 | D:6      | Reached skill level 5 in Dodging
  8115 | D:6      | Identified a +0 dagger
  8115 | D:6      | Identified a +0 robe
  8116 | D:6      | Identified a +0 club
  8129 | D:6      | Reached skill level 6 in Dodging
  8139 | D:6      | Identified a +0 short sword
  8139 | D:6      | Identified a +0 scale mail
  8143 | D:6      | Identified a +0 dagger
  8143 | D:6      | Identified a +0 robe
  8158 | D:6      | Identified a +0 mace
  8166 | D:6      | Identified a +0 short sword
  8293 | D:6      | Identified a +0 club
  8325 | D:6      | Reached skill level 1 in Fighting
  8345 | D:6      | Identified a +0 club
  8345 | D:6      | Identified a +0 leather armour
  8367 | D:6      | Reached skill level 3 in Conjurations
  8538 | D:6      | Reached skill level 7 in Dodging
  8665 | D:6      | Reached skill level 2 in Fighting
  8729 | D:6      | Reached XP level 9. HP: 42/42 MP: 10/20
  9402 | D:6      | Found an ornate altar of the Wu Jian Council.
  9520 | D:6      | Found an iron altar of Okawaru.
  9520 | D:6      | Identified a +0 club
  9520 | D:6      | Identified a cursed +0 leather armour
  9521 | D:6      | Found a bloodstained altar of Trog.
  9752 | D:3      | Killed Grinder
  9752 | D:3      | Reached skill level 3 in Fighting
  9752 | D:3      | Reached skill level 8 in Dodging
  9800 | D:3      | Reached skill level 4 in Conjurations
  9837 | D:3      | Became a worshipper of Gozag Ym Sagoz the Greedy
 10378 | D:7      | Found a stormy altar of Qazlal.
 10538 | D:7      | Identified a cursed -1 club
 10538 | D:7      | Identified a +0 leather armour
 10539 | D:7      | Identified a +0 dagger
 10539 | D:7      | Identified a +1 whip of electrocution
 10811 | D:7      | Found a shimmering blue altar of Sif Muna.
 10883 | D:7      | Identified a potion of berserk rage
 10884 | D:7      | Identified 2 potions of mutation
 10885 | D:7      | Identified 3 scrolls of blinking
 10886 | D:7      | Identified 5 scrolls of fear
 10887 | D:7      | Identified 2 scrolls of acquirement
 10887 | D:7      | Identified an uncursed ring of stealth (You acquired it on
                  | level 7 of the Dungeon)
 10888 | D:7      | Identified drasked's Catalogue of Flying Confrontation (You
                  | acquired it on level 7 of the Dungeon)
 10888 | D:7      | Identified +2 acid dragon scales (You acquired it on level
                  | 7 of the Dungeon)
 10888 | D:7      | Identified the +11 quick blade "Luhoth" {freeze, *Rage +Fly
                  | MR+ Str+2} (You acquired it on level 7 of the Dungeon)
 10888 | D:7      | drasked: ?? *rage
 10888 | D:7      | beem: *rage[1/1]: Attacking with this weapon will make you
                  | go berserk sometimes. Chance is 5% for randarts, fixedarts
                  | may have higher.
 10895 | D:8      | Reached skill level 9 in Dodging
 10962 | D:8      | Identified a +3 halberd
 10962 | D:8      | Identified a +0 robe
 10962 | D:8      | Identified a +4 halberd
 10962 | D:8      | Identified a +0 robe
 10964 | D:8      | Identified a cursed +0 great sword
 10964 | D:8      | Identified a +0 robe
 10982 | D:8      | Identified a +0 dagger
 10982 | D:8      | Identified a +0 robe
 10982 | D:8      | Identified a +0 hand axe
 10982 | D:8      | Identified a +0 dagger
 10982 | D:8      | Identified a +0 robe
 10982 | D:8      | Identified a +0 club
 10982 | D:8      | Identified a +0 leather armour
 10982 | D:8      | Identified a +0 dagger
 10982 | D:8      | Identified a +0 leather armour
 11331 | D:8      | Found a stormy altar of Qazlal.
 11441 | D:7      | Reached skill level 4 in Fighting
 11560 | D:8      | Identified a +2 scimitar
 11560 | D:8      | Identified a +0 robe
 12026 | D:8      | Identified a +0 shortbow
 12049 | D:8      | Reached XP level 10. HP: 41/51 MP: 6/21
 12155 | D:8      | Found a sparkling altar of Nemelex Xobeh.
 12297 | D:8      | Reached skill level 10 in Dodging
 12297 | D:8      | Reached skill level 5 in Conjurations
 12525 | D:9      | Found a staircase to the Lair.
 12526 | D:9      | Identified a cursed -2 mace
 12527 | D:9      | meem: I'm meem, an infobot run by MalcolmRoseGaming: Type
                  | !submeem to keep me in your games; !nomeem to shut me up
                  | forever; !meem for help; !whymeem if you want to know why
                  | meem exists. Visit http://youtube.com/malcolmrosegaming for
                  | more DCSS content.
 12527 | D:9      | Identified a +0 flail
 12534 | D:9      | Identified a +0 dagger
 12534 | D:9      | Identified a +0 robe
 12707 | D:9      | Identified a +0 giant spiked club
 12714 | D:9      | Identified a +0 trident
 12741 | D:9      | Reached skill level 5 in Fighting
 12976 | D:9      | Found a shattered altar of Ashenzari.
 13017 | D:9      | Identified a +0 mace
 13017 | D:9      | Identified a +0 chain mail
 13023 | D:9      | Identified a +0 scale mail
 13028 | D:9      | Identified a +0 mace
 13033 | D:9      | Identified a +0 giant club
 13047 | D:9      | Identified a +0 giant spiked club
 13047 | D:9      | Identified a +0 giant spiked club
 13047 | D:9      | Noticed a two-headed ogre
 13067 | D:9      | Identified a ring of strength (You found it on level 9 of
                  | the Dungeon)
 13336 | D:9      | Identified a +0 shortbow
 13624 | D:9      | Killed a two-headed ogre
 13624 | D:9      | Reached skill level 11 in Stealth
 13812 | D:10     | Entered Level 10 of the Dungeon
 13843 | D:10     | Reached skill level 6 in Conjurations
 14053 | D:10     | Identified a +0 whip
 14076 | D:10     | Noticed an unseen horror
 14080 | D:10     | Killed an unseen horror
 14080 | D:10     | Reached skill level 12 in Stealth
 14091 | D:10     | Identified a +0 giant spiked club
 14094 | D:10     | Identified a cursed -2 shortbow
 14095 | D:10     | Noticed an unseen horror
 14096 | D:10     | Noticed an unseen horror
 14924 | D:10     | Identified a +0 short sword
 14924 | D:10     | Identified a +0 ring mail
 14924 | D:10     | Identified a +0 flail
 14924 | D:10     | Identified a +0 leather armour
 15187 | D:10     | Identified a +0 giant spiked club
 15187 | D:10     | Identified a +0 giant club
 15187 | D:10     | Noticed a two-headed ogre
 15198 | D:10     | Killed a two-headed ogre
 15198 | D:10     | Reached skill level 13 in Stealth
 15198 | D:10     | Reached XP level 11. HP: 55/55 MP: 16/22
 15374 | D:10     | Identified a +2 scimitar of flaming
 15374 | D:10     | Identified a +0 robe
 15374 | D:10     | Noticed Erica
 15410 | D:10     | Killed Erica
 15410 | D:10     | Reached skill level 7 in Conjurations
 15662 | D:10     | Killed an unseen horror
 15662 | D:10     | Reached skill level 5 in Short Blades
 15872 | D:10     | Identified a +3 war axe
 15872 | D:10     | Identified a +0 flail
 15872 | D:10     | Identified a +0 spear
 16010 | D:10     | Killed an unseen horror
 16104 | D:11     | Noticed a red ugly thing
 16111 | D:11     | Killed a red ugly thing
 16290 | D:11     | Identified a +0 flail
 16474 | D:11     | Noticed a four-headed hydra
 16479 | D:11     | Killed a four-headed hydra
 16479 | D:11     | Reached skill level 6 in Short Blades
 16479 | D:11     | Reached skill level 14 in Stealth
 16560 | D:11     | Noticed a four-headed hydra
 16567 | D:11     | Killed a four-headed hydra
 16591 | D:11     | Found Munwur's Gadget Shop.
 16692 | D:11     | Identified a +0 shortbow
 16721 | D:11     | Identified a ring of intelligence (You found it on level 10
                  | of the Dungeon)
 16746 | D:12     | Identified a +0 shortbow
 16988 | D:12     | Identified a +0 leather armour
 16989 | D:12     | Identified a cursed -2 hand axe
 16989 | D:12     | Identified a +0 leather armour
 16990 | D:12     | Identified a +0 short sword
 16990 | D:12     | Identified a +0 chain mail
 16990 | D:12     | Noticed a five-headed hydra
 17033 | D:12     | Found a staircase to the Orcish Mines.
 17033 | D:12     | Identified a +0 club
 17033 | D:12     | Identified a +0 spear
 17033 | D:12     | Identified a +0 scale mail
 17033 | D:12     | Identified a +0 spear
 17033 | D:12     | Identified a +0 scale mail
 17033 | D:12     | Identified a +0 kite shield
 17033 | D:12     | Identified a +0 giant club
 17033 | D:12     | Identified a +0 glaive
 17033 | D:12     | Identified a +0 plate armour
 17033 | D:12     | Identified a +0 glaive
 17033 | D:12     | Identified a +0 chain mail
 17033 | D:12     | Identified a +0 flail
 17033 | D:12     | Identified a +1 dagger of venom
 17033 | D:12     | Identified a +0 morningstar
 17033 | D:12     | Identified a +0 chain mail
 17033 | D:12     | Identified a +0 falchion
 17107 | D:12     | Identified a +0 shortbow
 17126 | D:12     | Identified a +0 trident
 17131 | D:12     | Identified a +0 dagger
 17131 | D:12     | Identified a +0 robe
 17131 | D:12     | Identified a +0 hand axe
 17131 | D:12     | Identified a +0 ring mail
 17316 | D:12     | Noticed a purple ugly thing
 17318 | D:12     | Killed a purple ugly thing
 17485 | D:12     | Reached skill level 8 in Conjurations
 17650 | D:12     | Reached skill level 7 in Short Blades
 17811 | D:12     | Identified a potion of flight
 17822 | D:12     | Identified a scarf of cloud immunity (You found it on level
                  | 12 of the Dungeon)
 18065 | D:12     | Identified a +0 dagger
 18065 | D:12     | Identified a +0 robe
 18074 | D:12     | Identified a +0 mace
 18201 | D:12     | Identified a +0 flail
 18202 | D:12     | Identified a +0 flail
 18202 | D:12     | Identified a +0 plate armour
 18202 | D:12     | Identified a +0 club
 18202 | D:12     | Identified a +0 spear
 18202 | D:12     | Identified a +0 ring mail
 18202 | D:12     | Identified a +0 kite shield
 18202 | D:12     | Identified a +0 short sword
 18202 | D:12     | Identified a +0 chain mail
 18202 | D:12     | Identified a +0 whip
 18275 | D:12     | Reached skill level 15 in Stealth
 18667 | D:12     | Identified a +0 giant spiked club
 18825 | Lair:1   | Entered Level 1 of the Lair of Beasts
 19282 | Lair:1   | Reached XP level 12. HP: 60/60 MP: 23/23
 19344 | Lair:1   | Noticed a four-headed hydra
 19348 | Lair:1   | Killed a four-headed hydra
 19348 | Lair:1   | Reached skill level 8 in Short Blades
 20431 | Lair:2   | Identified a +0 rapier
 20431 | Lair:2   | Identified a +0 robe
 20431 | Lair:2   | Identified a +0 rapier
 20431 | Lair:2   | Identified a +0 robe
 20455 | Lair:2   | Reached skill level 9 in Short Blades
 20471 | Lair:2   | Reached skill level 9 in Conjurations
 20685 | Lair:2   | Got a heavily runed cloak
 21004 | Lair:2   | Found a staircase to the Shoals.
 21585 | Lair:3   | Noticed a seven-headed hydra
 21632 | Lair:3   | Found a hole to the Spider Nest.
 22087 | Lair:3   | Reached skill level 10 in Short Blades
 22096 | Lair:3   | Noticed a six-headed hydra
 22842 | Lair:3   | HP: 15/60 [poisoned by a spiny frog]
 22849 | Lair:3   | HP: 15/60 [poisoned by a spiny frog]
 22855 | Lair:3   | HP: 15/60 [poisoned by a spiny frog]
 22861 | Lair:3   | HP: 15/60 [poisoned by a spiny frog]
 23100 | Lair:3   | Identified the cursed +0 cloak of the Townfolk {Int+2} (You
                  | found it on level 2 of the Lair of Beasts)
 24002 | Lair:3   | Identified 2 potions of cancellation
 24165 | Lair:3   | Killed a seven-headed hydra
 24930 | Lair:4   | Identified a +0 dagger
 24930 | Lair:4   | Identified a +2 robe of fire resistance
 24930 | Lair:4   | Noticed Josephine
 25012 | Lair:4   | Reached skill level 11 in Dodging
 25380 | Lair:3   | Killed a six-headed hydra
 25380 | Lair:3   | Reached XP level 13. HP: 65/65 MP: 3/24
 27056 | Lair:4   | Learned a level 4 spell: Summon Lightning Spire
 27775 | Lair:4   | Learned a level 2 spell: Call Imp
 27811 | Lair:4   | Reached skill level 1 in Summonings
 28655 | Lair:5   | Reached skill level 3 in Air Magic
 29113 | Lair:5   | Reached skill level 2 in Summonings
 29743 | Lair:5   | Reached skill level 3 in Summonings
 29743 | Lair:5   | Reached skill level 4 in Air Magic
 30345 | Lair:5   | Reached skill level 4 in Summonings
 30559 | Lair:6   | Entered Level 6 of the Lair of Beasts
 30560 | Lair:6   | Reached skill level 5 in Air Magic
 30848 | Lair:5   | Identified a potion of invisibility
 30849 | Lair:5   | Identified 4 scrolls of magic mapping
 30850 | Lair:5   | Identified 2 scrolls of vulnerability
 30851 | Lair:5   | Identified 2 scrolls of brand weapon
 30852 | Lair:5   | Identified 3 scrolls of amnesia
 30853 | Lair:5   | Identified 3 scrolls of enchant weapon
 30854 | Lair:5   | Identified 6 scrolls of enchant armour
 30855 | Lair:5   | Identified 5 scrolls of teleportation
 31660 | Lair:6   | Found a staircase to the Slime Pits.
 31804 | Lair:6   | Reached skill level 5 in Summonings
 31851 | Lair:6   | Reached skill level 6 in Air Magic
 31965 | Lair:6   | Reached skill level 16 in Stealth
 33305 | Lair:6   | Identified a +3 rapier of holy wrath (You acquired it on
                  | level 6 of the Lair of Beasts)
 33586 | Lair:6   | Reached XP level 14. HP: 69/69 MP: 22/25
 33807 | Lair:6   | Reached skill level 6 in Summonings
 33879 | Lair:6   | Reached skill level 7 in Air Magic
 34667 | Lair:6   | Identified a scroll of holy word
 34668 | Lair:6   | Identified a scroll of immolation
 34669 | Lair:6   | Identified a scroll of summoning
 34670 | Lair:6   | Identified a scroll of random uselessness
 34671 | Lair:6   | Identified a scroll of fog
 34672 | Lair:6   | Identified a scroll of noise
 34701 | Lair:6   | Bought the -2 hat of the Alchemist {rElec rPois rF+ rC+ rN+
                  | MR+ rMut rCorr} for 472 gold pieces
 34701 | Lair:6   | Found the -2 hat of the Alchemist {rElec rPois rF+ rC+ rN+
                  | MR+ rMut rCorr}
 34701 | Lair:6   | Bought a +2 robe of fire resistance for 177 gold pieces
 34736 | Lair:6   | Bought a bloodstained buckler for 266 gold pieces
 34736 | Lair:6   | Bought an embroidered robe for 103 gold pieces
 34743 | Lair:6   | Identified the +6 buckler of the Failed Coup {MR+ Int+4}
                  | (You bought it in a shop on level 6 of the Lair of Beasts)
 34757 | Lair:6   | Identified a +2 robe of magic resistance (You bought it in
                  | a shop on level 6 of the Lair of Beasts)
 34781 | Lair:6   | Bought the ring "Tuommeec" {rC+ EV+3 Dex+3} for 702 gold
                  | pieces
 34796 | Lair:6   | Learned a level 6 spell: Deflect Missiles
 35043 | D:13     | Identified a +0 whip of flaming
 35066 | D:13     | Reached skill level 1 in Charms
 35096 | D:13     | Identified a cursed -3 club
 35148 | D:12     | Reached skill level 1 in Shields
 35382 | D:13     | Reached skill level 2 in Charms
 35565 | D:13     | Identified a +0 hand axe
 35570 | D:13     | Identified a +0 war axe
 35574 | D:13     | Identified a +0 flail
 35619 | D:13     | Identified a +0 dire flail
 35633 | D:13     | Reached skill level 2 in Shields
 35763 | D:13     | Identified a +0 shortbow
 35763 | D:13     | Identified an uncursed amulet of regeneration
 35764 | D:13     | Identified a +0 shortbow
 35770 | D:13     | Identified a +0 shortbow
 35773 | D:13     | Identified a +0 shortbow
 35778 | D:13     | Identified a +0 shortbow
 35796 | D:13     | Reached skill level 3 in Charms
 35955 | D:13     | Identified a +0 dagger
 35955 | D:13     | Identified a +0 club
 35955 | D:13     | Identified a cursed +0 scale mail
 35958 | D:13     | Identified a +0 mace
 35958 | D:13     | Identified a +0 leather armour
 35959 | D:13     | Identified a +0 short sword
 35962 | D:13     | Identified a +0 dagger
 35967 | D:13     | Identified a +0 club
 36021 | D:13     | Identified a cursed -3 glaive
 36457 | D:13     | Identified a +1 shortbow of flaming
 36481 | D:13     | Reached skill level 3 in Shields
 36481 | D:13     | Reached skill level 4 in Charms
 36784 | D:13     | Identified a +0 mace
 37118 | D:14     | Identified a +1 battleaxe of flaming
 37118 | D:14     | Identified a +0 chain mail
 37118 | D:14     | Noticed Rupert
 37125 | D:14     | Killed Rupert
 37125 | D:14     | Reached skill level 8 in Spellcasting
 37125 | D:14     | Reached skill level 5 in Charms
 37266 | D:14     | Identified a +1 halberd of flaming
 37266 | D:14     | Identified a +0 chain mail
 37452 | D:14     | Reached skill level 4 in Shields
 37837 | D:14     | Identified a +0 flail
 37999 | D:14     | Identified a +0 arbalest
 38138 | D:14     | Identified a +4 scimitar of flaming
 38319 | D:14     | Identified a +0 long sword
 38319 | D:14     | Identified a +0 chain mail
 38323 | D:14     | Reached skill level 6 in Charms
 38345 | D:14     | Identified a +0 arbalest
 38389 | D:14     | Identified a +0 dagger
 38389 | D:14     | Identified a +0 robe
 38403 | D:14     | Noticed a stone giant
 38705 | D:14     | Identified a +0 dagger
 38705 | D:14     | Identified a +0 robe
 38707 | D:14     | Identified a +0 flail
 38737 | D:14     | Identified a +0 war axe
 38737 | D:14     | Identified a +0 plate armour
 38931 | D:14     | Identified a +0 dire flail
 38931 | D:14     | Identified a +0 robe
 38933 | D:14     | Identified a cursed +0 mace
 38933 | D:14     | Identified a +0 robe
 38933 | D:14     | Identified a +3 halberd
 38933 | D:14     | Identified a +0 robe
 39066 | D:14     | Identified a +0 arbalest
 39066 | D:14     | Identified a +0 battleaxe
 39066 | D:14     | Identified a +0 chain mail
 39071 | D:14     | Reached skill level 5 in Shields
 39124 | D:14     | Identified a +0 battleaxe
 39124 | D:14     | Identified a +2 plate armour of magic resistance
 39133 | D:14     | Identified a +0 arbalest
 39133 | D:14     | Identified a +0 short sword
 39133 | D:14     | Identified a +0 leather armour
 39133 | D:14     | Identified an uncursed amulet of harm
 39302 | D:14     | Identified a +0 dagger
 39302 | D:14     | Identified a +0 robe
 39393 | D:14     | Identified a +1 war axe
 39393 | D:14     | Identified a +0 plate armour
 39394 | D:14     | Found a gate to the Vaults.
 39394 | D:14     | Identified a +0 great sword
 39394 | D:14     | Identified a +0 chain mail
 39784 | D:14     | Found a roughly hewn altar of Beogh.
 39784 | D:14     | Identified a +0 leather armour
 39784 | D:14     | Identified a +0 hand axe
 39788 | D:14     | Identified a +0 club
 39788 | D:14     | Identified a +0 leather armour
 40022 | D:14     | Identified a +0 vorpal falchion
 40229 | D:14     | Killed a stone giant
 40385 | D:14     | Identified a +0 shortbow
 40395 | D:14     | Reached skill level 6 in Shields
 40551 | Orc:1    | Entered Level 1 of the Orcish Mines
 40572 | Orc:1    | Identified a +0 giant club
 40834 | Orc:2    | Entered Level 2 of the Orcish Mines
 40834 | Orc:2    | Identified a +0 mace
 40834 | Orc:2    | Identified a cursed -3 dagger
 40834 | Orc:2    | Identified a +0 robe
 40835 | Orc:2    | Identified a +0 battleaxe
 40835 | Orc:2    | Identified a +0 plate armour
 40835 | Orc:2    | Identified a cursed -3 hand axe
 40842 | Orc:2    | Identified a +0 hand axe
 40842 | Orc:2    | Identified a +0 scale mail
 40844 | Orc:2    | Identified a +0 giant club
 40848 | Orc:2    | Identified a +0 giant club
 40850 | Orc:2    | Identified a +0 shortbow
 41000 | Orc:2    | Identified a cursed +0 dagger
 41000 | Orc:2    | Identified a +0 robe
 41000 | Orc:2    | Identified a +0 flail
 41000 | Orc:2    | Identified a +0 leather armour
 41000 | Orc:2    | Identified a +0 dagger
 41000 | Orc:2    | Identified a +0 robe
 41005 | Orc:2    | Identified a +0 dagger
 41005 | Orc:2    | Identified a cursed +0 robe
 41011 | Orc:2    | Identified a +0 broad axe
 41011 | Orc:2    | Identified a +0 arbalest
 41012 | Orc:2    | Identified a cursed -3 shortbow
 41013 | Orc:2    | Identified a +0 battleaxe
 41013 | Orc:2    | Identified a +0 arbalest
 41157 | Orc:2    | Identified a +0 dire flail
 41157 | Orc:2    | Identified a +0 chain mail
 41157 | Orc:2    | Identified a +0 short sword
 41157 | Orc:2    | Identified a +0 scale mail
 41158 | Orc:2    | Identified a +0 shortbow
 41185 | Orc:2    | Identified a +0 glaive
 41185 | Orc:2    | Identified a +0 arbalest
 41191 | Orc:2    | Identified a +0 trident
 41191 | Orc:2    | Identified a +0 arbalest
 41205 | Orc:2    | Identified a +0 hand axe
 41205 | Orc:2    | Identified a +0 chain mail
 41208 | Orc:2    | Identified a +0 arbalest
 41208 | Orc:2    | Identified a +0 morningstar
 41209 | Orc:2    | Identified a +0 shortbow
 41315 | Orc:2    | Identified a +0 great mace
 41315 | Orc:2    | Identified a +0 arbalest
 41315 | Orc:2    | Identified a +0 short sword
 41315 | Orc:2    | Identified a +0 plate armour
 41315 | Orc:2    | Identified a +0 dagger
 41315 | Orc:2    | Identified a +0 robe
 41315 | Orc:2    | Identified a cursed +0 flail
 41315 | Orc:2    | Identified a +0 leather armour
 41315 | Orc:2    | Identified a +0 halberd
 41315 | Orc:2    | Identified a +0 plate armour
 41315 | Orc:2    | Identified a +0 flail
 41315 | Orc:2    | Identified a +0 chain mail
 41315 | Orc:2    | Identified a +0 dagger
 41315 | Orc:2    | Identified a +0 robe
 41315 | Orc:2    | Identified a cursed -1 dagger
 41315 | Orc:2    | Identified a +0 leather armour
 41315 | Orc:2    | Identified a +0 trident
 41315 | Orc:2    | Identified a +2 antimagic hand axe
 41315 | Orc:2    | Identified a +3 trident
 41315 | Orc:2    | Identified a +0 arbalest
 41318 | Orc:2    | Identified a +0 mace
 41318 | Orc:2    | Identified a +0 flail
 41318 | Orc:2    | Identified a +0 flail
 41318 | Orc:2    | Identified a +0 chain mail
 41319 | Orc:2    | Identified a +0 hand axe
 41319 | Orc:2    | Identified a +0 arbalest
 41320 | Orc:2    | Identified a +0 glaive
 41320 | Orc:2    | Identified a +0 arbalest
 41329 | Orc:2    | Identified a +0 long sword
 41329 | Orc:2    | Identified a +0 plate armour
 41446 | Orc:2    | Identified a +0 glaive
 41446 | Orc:2    | Identified a +0 arbalest
 41523 | Orc:1    | Identified a +3 battleaxe
 41523 | Orc:1    | Identified a +0 chain mail
 41527 | Orc:1    | Identified a +0 flail
 41527 | Orc:1    | Identified a +0 ring mail
 41557 | Orc:1    | Identified a +0 ring mail
 41715 | Orc:1    | Identified a +0 long sword of holy wrath
 41715 | Orc:1    | Identified a +0 plate armour
 41716 | Orc:1    | Identified a +0 dagger
 41721 | Orc:1    | Identified a +0 giant club
 41725 | Orc:1    | Identified a +0 antimagic battleaxe
 41725 | Orc:1    | Identified a +0 plate armour
 41747 | Orc:1    | Identified a +0 club
 41747 | Orc:1    | Identified a cursed +0 leather armour
 41747 | Orc:1    | Identified a +0 leather armour
 41842 | Orc:1    | Identified a +0 leather armour
 42043 | Orc:2    | Identified a +1 dagger of freezing
 42043 | Orc:2    | Identified a +0 robe
 42047 | Orc:2    | Identified a +0 dagger
 42047 | Orc:2    | Identified a +0 robe
 42052 | Orc:2    | Identified a +0 long sword
 42052 | Orc:2    | Identified a +0 chain mail
 42052 | Orc:2    | Identified a +0 hand axe
 42064 | Orc:2    | Identified a +0 shortbow
 42066 | Orc:2    | Identified a +0 shortbow
 42069 | Orc:2    | Identified a +0 trident
 42069 | Orc:2    | Identified a +0 arbalest
 42122 | Orc:2    | Identified a +0 hand axe
 42122 | Orc:2    | Identified a +0 plate armour
 42195 | Orc:2    | Identified a +0 trident
 42195 | Orc:2    | Identified a +0 ring mail
 42229 | Orc:2    | Identified a +0 glaive
 42229 | Orc:2    | Identified a +0 arbalest
 42338 | Orc:1    | Identified a potion of lignification
 42342 | Orc:2    | Identified a +0 trident
 42342 | Orc:2    | Identified a +0 arbalest
 42417 | Orc:2    | Identified a +0 great mace
 42417 | Orc:2    | Identified a +3 arbalest
 42417 | Orc:2    | Identified a +0 shortbow
 42423 | Orc:2    | Identified a +0 shortbow
 42426 | Orc:2    | Identified a +0 great mace
 42426 | Orc:2    | Identified a +0 arbalest
 42543 | Orc:2    | Identified a +0 trident
 42543 | Orc:2    | Identified a +0 plate armour
 42682 | Orc:2    | Found a staircase to the Elven Halls.
 42891 | Orc:2    | Identified a +0 mace
 42891 | Orc:2    | Identified a +0 arbalest
 43058 | Orc:2    | Identified a +0 great mace
 43058 | Orc:2    | Identified a +0 arbalest
 43115 | Orc:2    | Identified a +0 long sword
 43115 | Orc:2    | Identified a +0 plate armour
 43116 | Orc:2    | Identified a +0 broad axe
 43116 | Orc:2    | Identified a +0 arbalest
 43513 | Orc:2    | Identified a +0 arbalest
 43513 | Orc:2    | Identified a +0 battleaxe
 43634 | Orc:2    | Identified a +0 short sword
 43634 | Orc:2    | Identified a +0 plate armour
 43874 | Orc:2    | Identified a +0 trident
 43874 | Orc:2    | Identified a +0 arbalest
 43894 | Orc:2    | Found Anof's Food Shoppe.
 43894 | Orc:2    | Found Savuitre's General Store.
 43896 | Orc:2    | Found Facw's Distillery.
 43898 | Orc:2    | Found Taih's Magic Scroll Emporium.
 43986 | Orc:2    | Bought a book of Beasts for 825 gold pieces
 43991 | Orc:2    | Learned a level 4 spell: Summon Ice Beast
 43997 | Orc:2    | Learned a level 5 spell: Summon Mana Viper
 44023 | Orc:2    | Identified a +0 shortbow
 44476 | D:15     | Entered Level 15 of the Dungeon
 44479 | D:15     | Identified a +0 war axe
 44482 | D:15     | Identified a +0 trident
 44482 | D:15     | Identified a +1 long sword of pain
 44482 | D:15     | Identified a +0 leather armour
 44482 | D:15     | Identified a cursed +0 kite shield
 44483 | D:15     | Identified a +0 hand axe
 44485 | D:15     | Identified a +0 short sword
 44486 | D:15     | Identified a +0 short sword
 44831 | D:15     | Identified a +0 glaive
 44831 | D:15     | Identified a +0 longbow
 44831 | D:15     | Identified a +0 ring mail
 44850 | D:15     | Identified a +0 flail
 44875 | D:15     | Reached skill level 7 in Shields
 45318 | D:15     | Identified a +0 hand axe
 45703 | D:15     | Reached skill level 1 in Hexes
 45788 | D:15     | Identified a +0 war axe
 45844 | D:15     | Identified a +4 scimitar of flaming
 45947 | D:15     | Reached XP level 15. HP: 73/73 MP: 28/28
 45953 | D:15     | Reached skill level 2 in Hexes
 46116 | D:15     | Identified a +0 dagger
 46116 | D:15     | Identified a +0 robe
 46417 | D:15     | Identified a +0 long sword
 46446 | D:15     | Reached skill level 3 in Hexes
 46669 | D:15     | Reached skill level 4 in Hexes
 46936 | D:15     | Found a staircase to the Depths.
 46996 | D:15     | Identified a +0 dagger
 46996 | D:15     | Identified a +0 shortbow
 46996 | D:15     | Identified a +0 leather armour
 46996 | D:15     | Identified a +0 arbalest
 46996 | D:15     | Identified a +0 giant club
 46996 | D:15     | Identified a +0 giant club
 46998 | D:15     | Identified a +0 arbalest
 47008 | D:15     | Identified a +0 dagger
 47377 | D:15     | Learned a level 1 spell: Summon Butterflies
 47583 | Shoals:1 | Entered Level 1 of the Shoals
 47682 | Shoals:1 | Identified a +0 trident
 47777 | Shoals:1 | Identified a +0 club
 47777 | Shoals:1 | Identified a +0 hunting sling
 47806 | Shoals:1 | Identified a +6 vorpal spear
 47806 | Shoals:1 | Identified a +0 leather armour
 48112 | Shoals:1 | Reached skill level 5 in Hexes
 48332 | Shoals:1 | Identified a +0 spear of venom
 48332 | Shoals:1 | Identified a +0 leather armour
 48645 | Shoals:1 | Identified a +0 trident
 48666 | Shoals:1 | Identified a +0 rapier
 48666 | Shoals:1 | Identified a +0 robe
 48666 | Shoals:1 | Identified a +0 rapier
 48666 | Shoals:1 | Identified a +0 robe
 48666 | Shoals:1 | Identified a +0 trident of protection
 48666 | Shoals:1 | Identified a +0 leather armour
 48666 | Shoals:1 | Identified a +0 trident
 48666 | Shoals:1 | Identified a +2 trident of protection
 48666 | Shoals:1 | Identified a cursed +0 robe
 48695 | Shoals:1 | Identified a +0 trident
 48701 | Shoals:1 | Identified a +1 spear of venom
 48761 | Shoals:1 | Reached skill level 6 in Hexes
 48832 | Shoals:1 | Identified a +0 spear
 48832 | Shoals:1 | Identified a +0 leather armour
 48837 | Shoals:1 | HP: 13/73 [merfolk javelineer/silver javelin (13)]
 48838 | Shoals:1 | Identified a +0 spear
 48838 | Shoals:1 | Identified a +0 hunting sling
 49181 | Spider:1 | Entered Level 1 of the Spider Nest
 49198 | Spider:1 | Identified a potion of ambrosia
 49822 | Lair:3   | Reached skill level 1 in Ice Magic
 50601 | Spider:1 | Found the +2 Maxwell's thermic engine {flame, freeze}
 51012 | Spider:2 | Reached skill level 2 in Ice Magic
 51051 | Spider:2 | Reached skill level 7 in Hexes
 51430 | Spider:2 | Identified a +0 eveningstar
 51430 | Spider:2 | Identified a +0 chain mail of poison resistance
 51430 | Spider:2 | Identified a +0 kite shield of reflection
 51430 | Spider:2 | Noticed Donald
 51879 | Spider:2 | Noticed a ghost moth
 52733 | Spider:2 | Killed a ghost moth
 52794 | Spider:2 | Reached skill level 8 in Hexes
 52981 | Spider:2 | Killed Donald
 53794 | Spider:3 | Reached skill level 7 in Summonings
 54061 | Spider:3 | Identified a +7 eveningstar of protection
 54061 | Spider:3 | Identified a +0 plate armour
 54061 | Spider:3 | Identified a +0 tower shield
 54061 | Spider:3 | Noticed Louise
 54295 | Spider:3 | Upgraded the game from 0.25-a0-547-g27a0b5d1ef to
                  | 0.25-a0-558-g78a2afb0af
 54409 | Spider:3 | Noticed Arachne
 54653 | Spider:3 | Killed Louise
 55690 | Spider:4 | Entered Level 4 of the Spider Nest
 55985 | Spider:4 | Reached skill level 8 in Summonings
 56153 | Spider:4 | Paralysed by a hornet for 1 turns
 56587 | Spider:4 | Noticed a ghost moth
 57332 | Spider:3 | Identified a ring of dexterity (You found it on level 2 of
                  | the Spider Nest)
 57334 | Spider:3 | Identified a ring of resist corrosion (You found it on
                  | level 4 of the Spider Nest)
 57373 | Spider:4 | Noticed an entropy weaver
 57400 | Spider:4 | Killed an entropy weaver
 57747 | Spider:4 | Reached skill level 9 in Summonings
 59178 | Spider:4 | Reached XP level 16. HP: 77/77 MP: 25/29
 59791 | Spider:4 | Reached skill level 10 in Summonings
 60261 | Spider:4 | Got a gossamer rune of Zot
 60325 | Spider:4 | Identified an amulet of inaccuracy (You found it on level 4
                  | of the Spider Nest)
 61122 | Shoals:1 | Reached skill level 9 in Spellcasting
 61246 | Shoals:1 | Identified a +5 vampiric spear
 61246 | Shoals:1 | Identified a +0 leather armour
 61687 | Shoals:1 | Identified a +0 trident
 61759 | Shoals:1 | Found Pualaom's Antique Armour Boutique.
 61784 | Shoals:1 | Identified a +0 spear
 62159 | Shoals:1 | Identified a +0 trident
 62293 | Shoals:2 | Identified a +0 trident
 62351 | Shoals:2 | Identified a +0 quarterstaff
 62351 | Shoals:2 | Identified a +0 hunting sling
 62428 | Shoals:2 | Identified a +0 quarterstaff
 62428 | Shoals:2 | Identified a +0 hunting sling
 62434 | Shoals:2 | Identified a cursed +0 spear
 62435 | Shoals:2 | Identified a +0 quarterstaff
 62435 | Shoals:2 | Identified a +1 hunting sling of flaming
 62437 | Shoals:2 | Identified a +2 trident of venom
 62437 | Shoals:2 | Identified a +0 leather armour
 62450 | Shoals:2 | Identified a +0 trident
 62465 | Shoals:2 | Reached skill level 10 in Spellcasting
 62832 | Shoals:2 | Identified a +1 trident of distortion
 62832 | Shoals:2 | Identified a +0 robe
 62832 | Shoals:2 | Identified a +0 glaive
 62832 | Shoals:2 | Identified a +4 glaive of venom
 62893 | Shoals:2 | Identified a cursed -3 spear
 62904 | Shoals:2 | Identified a cursed -3 spear
 62904 | Shoals:2 | Identified a cursed -3 hunting sling
 62907 | Shoals:2 | Reached skill level 11 in Summonings
 62908 | Shoals:2 | Identified a +0 club
 62908 | Shoals:2 | Identified a +0 hunting sling
 62911 | Shoals:2 | Identified a +0 club
 62911 | Shoals:2 | Identified a cursed -2 hunting sling
 62911 | Shoals:2 | Identified a +0 spear
 62911 | Shoals:2 | Identified a +0 hunting sling
 63055 | Shoals:2 | Identified a +0 spear
 63055 | Shoals:2 | Identified a +0 longbow
 63192 | Shoals:2 | Identified a +0 spear
 63496 | Shoals:2 | Identified a +0 spear
 63496 | Shoals:2 | Identified a cursed -3 hunting sling
 63593 | Shoals:2 | Identified a +0 shortbow
 63680 | Shoals:2 | HP: 10/77 [manticore (10)]
 63698 | Shoals:2 | HP: 18/77 [dream sheep[a cyclops] (4)]
 64035 | Shoals:2 | Identified a +0 quarterstaff
 64035 | Shoals:2 | Identified a +0 fustibalus
 64096 | Shoals:2 | Identified a +0 trident
 64204 | Shoals:2 | Identified a +0 spear
 64204 | Shoals:2 | Identified cursed -1 fire dragon scales
 64213 | Shoals:2 | Identified a +0 trident
 64469 | Shoals:2 | Identified a +0 trident
 64581 | Shoals:2 | Reached skill level 11 in Spellcasting
 64703 | Shoals:3 | Noticed Polyphemus
 64731 | Shoals:3 | Identified a +0 trident
 64801 | Shoals:3 | Identified a +5 trident of venom
 64801 | Shoals:3 | Identified a +0 leather armour
 65244 | Shoals:3 | Identified a +0 trident
 65320 | Shoals:3 | Identified a +1 rapier of draining
 65320 | Shoals:3 | Identified a +0 robe
 65329 | Shoals:3 | Identified a +0 quarterstaff
 65329 | Shoals:3 | Noticed Bai Suzhen
 65332 | Shoals:3 | Identified a +3 trident of venom
 65510 | Shoals:2 | Identified a ring of fire (You found it on level 3 of the
                  | Shoals)
 66136 | Shoals:3 | Identified a +0 quarterstaff
 66136 | Shoals:3 | Identified a +0 hunting sling of flaming
 66280 | Shoals:3 | Learned a level 7 spell: Summon Hydra
 66754 | Shoals:2 | Upgraded the game from 0.25-a0-558-g78a2afb0af to
                  | 0.25-a0-561-g0977b4d109
 66754 | Shoals:2 | meem: I'm meem, an infobot run by MalcolmRoseGaming: Type
                  | !submeem to keep me in your games; !nomeem to shut me up
                  | forever; !meem for help; !whymeem if you want to know why
                  | meem exists. Visit http://youtube.com/malcolmrosegaming for
                  | more DCSS content.
 66758 | Shoals:2 | Learned a level 3 spell: Summon Guardian Golem
 66773 | Shoals:3 | Killed Bai Suzhen
 66773 | Shoals:3 | Reached skill level 7 in Charms
 66944 | Shoals:3 | Identified a +0 trident
 67092 | Shoals:3 | Identified a +0 trident
 67169 | Shoals:3 | Identified Roxanne's Handbook of Transmigration
 67169 | Shoals:3 | Noticed Roxanne
 67208 | Shoals:3 | drasked: !whymeem
 67208 | Shoals:3 | meem: This bot is a fork of beem. It exists because the
                  | former developer insisted upon banning many individuals
                  | over issues unrelated to DCSS. Infobot services should not
                  | be limited to only those well-liked by the maintainers,
                  | therefore you have my word that meem shall always remain
                  | free from such prejudices. - Malcolm
 67300 | Shoals:3 | Killed Roxanne
 67300 | Shoals:3 | Reached skill level 8 in Charms
 67484 | Shoals:3 | Identified a +0 club
 67484 | Shoals:3 | Identified a +0 hunting sling
 67505 | Shoals:3 | Identified a +0 quarterstaff
 67505 | Shoals:3 | Identified a +0 hunting sling
 67517 | Shoals:3 | Identified a +0 spear
 67517 | Shoals:3 | Identified a +2 hunting sling of flaming
 67694 | Shoals:3 | Reached skill level 9 in Charms
 68030 | Shoals:4 | Entered Level 4 of the Shoals
 68030 | Shoals:4 | Identified a +0 trident
 68031 | Shoals:4 | Identified a +0 trident
 68034 | Shoals:4 | Identified a +0 trident
 68037 | Shoals:4 | Identified a +0 rapier
 68037 | Shoals:4 | Identified a +0 robe
 68140 | Shoals:3 | Identified a +2 rapier of speed
 68140 | Shoals:3 | Identified a +0 robe
 68536 | Shoals:3 | Identified the +5 hat of the Armadillo {*Slow rC+ Str+4
                  | Dex+3} (You acquired it on level 3 of the Shoals)
 68536 | Shoals:3 | Identified the +6 quick blade of Recklessness {drain, rC+++
                  | MR- Stlth+} (You acquired it on level 3 of the Shoals)
 68536 | Shoals:3 | Identified the Guide on Creative Boosts (You acquired it on
                  | level 3 of the Shoals)
 68536 | Shoals:3 | drasked: ?? *slow
 68536 | Shoals:3 | meem: *slow[1/2]: Randart property that has 1% chance to
                  | {slow}you for 10-14 turns whenever you take damage while
                  | worn. Ignores damage over time from poison. Replacement for
                  | *Confuse.
 68536 | Shoals:3 | beem: *slow[1/2]: Randart property that has 1% chance to
                  | {slow}you for 10-14 turns whenever you take damage while
                  | worn. Ignores damage over time from poison. Replacement for
                  | *Confuse.
 68704 | Shoals:3 | Killed Polyphemus
 68863 | Shoals:4 | Identified a +0 trident of flaming
 68863 | Shoals:4 | Identified a +0 leather armour
 68879 | Shoals:4 | Identified a +0 club
 68879 | Shoals:4 | Identified a +0 longbow
 68879 | Shoals:4 | Identified a +0 trident
 68879 | Shoals:4 | Identified a +0 robe
 68888 | Shoals:4 | Reached skill level 10 in Charms
 68889 | Shoals:4 | Identified a +1 trident of venom
 68890 | Shoals:4 | Identified a +0 rapier
 68890 | Shoals:4 | Identified a +0 robe
 68896 | Shoals:4 | Identified a +2 trident of freezing
 68896 | Shoals:4 | Identified a +1 leather armour of poison resistance
 68900 | Shoals:4 | Identified a +0 trident
 68900 | Shoals:4 | Identified a +0 robe
 68901 | Shoals:4 | Identified a +0 trident
 69201 | Shoals:4 | Identified a +0 rapier
 69201 | Shoals:4 | Identified a +1 robe of positive energy
 69221 | Shoals:4 | Identified a +0 spear
 69221 | Shoals:4 | Identified a +0 leather armour
 69224 | Shoals:4 | Reached XP level 17. HP: 74/81 MP: 7/33
 69253 | Shoals:4 | Identified a +0 club
 69253 | Shoals:4 | Identified a +0 longbow
 69277 | Shoals:4 | Reached skill level 11 in Charms
 69331 | Shoals:4 | Identified a +2 vampiric spear
 69331 | Shoals:4 | Identified a +0 leather armour
 69340 | Shoals:4 | Identified a +1 vampiric rapier
 69340 | Shoals:4 | Identified a +0 robe
 69381 | Shoals:4 | Identified a +4 trident of freezing
 69381 | Shoals:4 | Identified a +0 robe
 69504 | Shoals:4 | HP: 18/81 [water nymph/the raging water (32)]
 69514 | Shoals:4 | Identified a +1 trident of freezing
 69514 | Shoals:4 | Identified a +0 robe
 69520 | Shoals:4 | HP: 20/81 [merfolk impaler/+1 trident of freezing (4)]
 69521 | Shoals:4 | Slain by a merfolk impaler

Table legend:
 A = Turns spent in this place as a percentage of turns spent in the entire game.
 B = Non-inter-level travel turns spent in this place as a percentage of non-inter-level travel turns spent in the entire game.
 C = Inter-level travel turns spent in this place as a percentage of turns spent in this place.
 D = Turns resting spent in this place as a percentage of non-inter-level travel turns spent in this place.
 E = Turns spent auto-exploring this place as a percentage of non-inter-level travel turns spent in this place.
 F = Non-inter-level travel turns spent in this place divided by the number of levels of this place that you've seen.
                   A       B       C       D       E      F
               +-------+-------+-------+-------+-------+----------------------
         Total | 100.0 | 100.0 |   4.7 |  40.8 |  25.6 | 2070.2
       Dungeon |  39.4 |  39.0 |   5.8 |  39.6 |  33.1 | 1721.0
        Temple |   0.2 |   0.2 |   5.4 |  30.2 |  67.3 | 159.0
          Lair |  25.9 |  26.0 |   4.4 |  38.6 |  21.9 | 2870.7
        Shoals |  13.1 |  13.2 |   4.1 |  44.3 |  17.2 | 2182.0
   Spider Nest |  15.8 |  16.0 |   3.7 |  46.1 |  19.6 | 2643.0
  Orcish Mines |   5.6 |   5.7 |   2.8 |  36.4 |  25.8 | 1875.0
               +-------+-------+-------+-------+-------+----------------------

Table legend:
 A = Kills in this place as a percentage of kills in entire the game.
 B = Kills by you in this place as a percentage of kills by you in the entire game.
 C = Kills by friends in this place as a percentage of kills by friends in the entire game.
 D = Other kills in this place as a percentage of other kills in the entire game.
 E = Experience gained in this place as a percentage of experience gained in the entire game.
 F = Experience gained in this place divided by the number of levels of this place that you have seen.
                   A       B       C       D       E      F
               +-------+-------+-------+-------+-------+----------------------
         Total | 100.0 | 100.0 | 100.0 | 100.0 | 100.0 | 6922.2
       Dungeon |  41.7 |  49.5 |  27.1 |  25.0 |  24.9 | 3683.5
          Lair |  20.4 |  24.8 |  10.7 |  25.0 |  22.5 | 8324.7
        Shoals |  13.7 |  11.3 |  18.3 |  16.7 |  28.4 | 15699.5
   Spider Nest |  16.2 |  12.2 |  23.7 |  25.0 |  21.8 | 12096.8
  Orcish Mines |   8.1 |   2.3 |  20.2 |   8.3 |   2.3 | 2562.0
               +-------+-------+-------+-------+-------+----------------------

Skill      XL: |  1  2  3  4  5  6  7  8  9 10 11 12 13 14 15 16 17 |
---------------+----------------------------------------------------+-----
Conjurations   | 1 2 3 4 6 8 9 |  9.9
Stealth        | 4 5 6 8 10 13 15 16 | 16.4
Short Blades   | 2 3 4 7 10 | 10.0
Spellcasting   | 5 6 7 8 11 | 11.7
Poison Magic   | 1 2 |  2.0
Air Magic      | 1 2 6 7 |  7.2
Dodging        | 7 9 10 11 | 11.2
Fighting       | 2 4 5 |  5.9
Summonings     | 5 6 9 11 | 11.7
Charms         | 6 10 11 | 11.0
Shields        | 7 |  7.2
Hexes          | 1 8 |  8.5
Ice Magic      | 2 |  2.0
Translocations | |  1.5

Action                   |  1- 3 |  4- 6 |  7- 9 | 10-12 | 13-15 | 16-18 || total
-------------------------+-------+-------+-------+-------+-------+-------++-------
Melee: Dagger            |    31 |    77 |   289 |   596 |   835 |   422 ||  2250
       Quick blade       |       |       |       |       |       |   128 ||   128
 Cast: Magic Dart        |   105 |    84 |   318 |   574 |   498 |    16 ||  1595
       Mephitic Cloud    |       |    14 |    62 |   106 |   289 |   126 ||   597
       Blink             |       |       |       |     1 |     2 |       ||     3
       Call Imp          |       |       |       |       |   200 |     3 ||   203
       Summon Lightning  |       |       |       |       |   205 |       ||   205
       Summon Ice Beast  |       |       |       |       |   127 |    52 ||   179
       Summon Mana Viper |       |       |       |       |    75 |    90 ||   165
       Summon Butterflie |       |       |       |       |     1 |       ||     1
       Summon Guardian G |       |       |       |       |       |     9 ||     9
       Summon Hydra      |       |       |       |       |       |     4 ||     4
       Deflect Missiles  |       |       |       |       |       |     1 ||     1
Invok: Call Merchant     |       |       |       |     1 |     5 |       ||     6
Evoke: Wand              |       |       |       |     7 |     2 |       ||     9
  Use: Scroll            |     2 |     1 |    12 |     2 |    21 |     3 ||    41
       Potion            |       |       |       |     1 |     2 |     5 ||     8
 Stab: Confused          |       |    13 |    36 |   122 |   163 |    95 ||   429
       Sleeping          |       |     4 |    12 |    26 |    26 |     5 ||    73
       Distracted        |       |       |       |     1 |     5 |     2 ||     8
       Petrified         |       |       |       |       |       |     1 ||     1
  Eat: Ration            |       |     1 |     4 |     6 |    23 |    10 ||    44
Armor: Robe              |     2 |     1 |     4 |    17 |     8 |     3 ||    35
Dodge: Dodged            |    53 |    39 |   156 |   404 |   435 |   244 ||  1331
       Deflected         |       |       |     1 |     1 |       |     7 ||     9
Block: Buckler           |       |       |       |       |   277 |   175 ||   452

Vanquished Creatures
  Rupert (D:14)
  Louise (Spider:3)
  An entropy weaver (Spider:4)
  2 spark wasps (Spider:4)
  7 merfolk impalers
  5 merfolk javelineers
  A vault guard (D:14)
  9 hydras
  A centaur warrior (D:13)
  A catoblepas (Shoals:3)
  4 merfolk aquamancers
  A death knight (D:14)
  Erica (D:10)
  2 two-headed ogres
  2 death yaks (Shoals:3)
  3 satyrs
  A fire crab (Lair:6)
  6 unseen horrors
  9 sea snakes
  2 orc knights
  A wizard (D:14)
  8 orb spiders
  10 fauns
  A harpy (Shoals:3)
  15 wolf spiders
  A deep elf mage (D:14)
  8 manticores
  A cyclops (Shoals:3)
  2 ugly things
  A moth of wrath (Spider:3)
  3 water nymphs
  4 merfolk sirens (Shoals:2)
  11 elephants
  A kobold demonologist (D:14)
  5 spiny frogs
  3 centaur skeletons
  A yaktaur (D:14)
  An efreet (D:15)
  9 rime drakes
  A freezing wraith (D:14)
  4 komodo dragons
  A troll (D:10)
  15 jumping spiders
  2 polar bears
  3 wind drakes
  12 merfolk
  Grinder (D:3)
  6 dream sheep
  5 hornets
  A slime creature (D:14)
  10 hippogriffs
  17 blink frogs
  Sigmund (D:2)
  5 snapping turtles
  29 yaks
  2 spriggans (Lair:2)
  18 tarantellas
  9 wyverns
  3 water elementals
  3 wraiths (Lair:4)
  25 redbacks
  12 basilisks
  A steam dragon (Lair:5)
  2 wargs (Orc:1)
  An acid dragon (D:9)
  6 water moccasins
  A soldier ant (D:14)
  11 orc warriors
  9 porcupines
  A hornet zombie (D:10)
  2 ice beasts
  4 sky beasts
  3 black bears
  A phantom (D:8)
  14 ogres
  18 wolves
  A necrophage (D:8)
  3 boggarts (D:15)
  10 centaurs
  20 crocodiles
  5 big kobolds
  6 bullfrogs
  3 gnoll sergeants (D:12)
  A wyvern skeleton (D:6)
  3 scorpions
  4 wights
  4 killer bees
  A howler monkey (D:8)
  3 electric eels
  6 crimson imps
  A bullfrog zombie (D:6)
  4 centaur zombies
  11 orc priests
  9 hounds
  3 jellies
  2 quasits
  2 bullfrog skeletons
  3 iguanas
  11 orc wizards
  10 worker ants
  Ijyb (D:3)
  2 killer bee zombies
  A hound zombie (D:10)
  A hound skeleton (D:4)
  A worker ant zombie (D:6)
  13 gnolls
  16 adders
  3 shadow imps
  4 oozes
  An adder zombie (D:5)
  An adder skeleton (D:7)
  4 worms
  3 dart slugs
  44 orcs
  6 giant cockroaches
  9 goblins
  6 hobgoblins
  12 jackals
  9 kobolds
  11 quokkas
  A ball python (D:1)
  5 bats
  9 frilled lizards
  2 quokka skeletons
  3 rats
  A plant (Lair:6)
700 creatures vanquished.

Vanquished Creatures (collateral kills)
  Bai Suzhen (Shoals:3)
  Donald (Spider:2)
  Roxanne (Shoals:3)
  4 ghost moths
  3 emperor scorpions
  A stone giant (D:14)
  A merfolk javelineer (Shoals:1)
  2 merfolk impalers
  7 hydras
  3 vault guards (D:14)
  2 merfolk avatars
  4 merfolk aquamancers
  2 tengu warriors
  A centaur warrior (D:14)
  A satyr (Shoals:4)
  A death yak (Shoals:3)
  12 skeletal warriors
  2 sea snakes
  9 harpies
  2 phantasmal warriors
  3 orc knights
  7 cyclopes
  4 fauns
  A necromancer (D:15)
  7 orb spiders
  A frost giant zombie (D:15)
  11 wolf spiders
  A deep elf mage (D:15)
  4 oklob plants (Lair:2)
  3 manticores
  A centaur zombie (D:14)
  3 merfolk sirens
  2 black mambas
  3 gargoyles
  3 centaur skeletons
  3 komodo dragons (Lair:6)
  A spriggan zombie (D:15)
  3 spiny frogs
  2 yaktaurs (D:14)
  2 rime drakes (Lair:6)
  A tengu conjurer (D:14)
  An efreet (D:14)
  6 demonic crawlers
  8 merfolk
  2 jumping spiders
  A polar bear (Lair:6)
  2 trolls
  2 wind drakes
  A hornet (Lair:6)
  2 deep troll zombies (D:15)
  2 snapping turtles
  3 dream sheep (Shoals:3)
  3 slime creatures (D:13)
  5 hippogriffs
  10 water elementals
  A wyvern (D:14)
  31 redbacks
  4 wraiths
  4 yaks
  3 shadows (D:14)
  11 tarantellas
  A hungry ghost (D:14)
  2 wargs (Orc:1)
  An acid dragon (D:14)
  21 orc warriors
  5 water moccasins
  An ice beast (D:15)
  2 ogres
  11 centaurs
  3 big kobolds
  A crocodile (Lair:6)
  5 bullfrogs
  A wyvern skeleton (D:13)
  3 wights (D:14)
  2 crimson imps
  5 orc priests
  6 orc wizards (Orc:2)
  A worker ant (D:14)
  17 orcs
  A kobold (D:13)
  2 plants
  A withered plant (D:15)
320 creatures vanquished.

Vanquished Creatures (others)
  Polyphemus (Shoals:3)
  A merfolk (Shoals:4)
  An orc (Orc:2)
  34 fungi
  51 plants
  4 toadstools (D:15)
  6 withered plants (D:15)
98 creatures vanquished.

Grand Total: 1118 creatures vanquished
